 Dungeon Crawl Stone Soup version 0.22.1-1-ga44c0e5 (webtiles) character file.

3886 MalarOregon the Blocker (level 10, -3/88 HPs)
             Began as a Minotaur Fighter on Sept 22, 2018.
             Was an Elder of Zin.
             Killed from afar by an electric eel (10 damage)
             ... with a bolt of electricity
             ... on level 8 of the Dungeon.
             The game lasted 00:24:16 (7881 turns).

MalarOregon the Blocker (Minotaur Fighter)          Turns: 7881, Time: 00:24:17

Health: -3/88      AC: 10    Str: 22    XL:     10   Next: 0%
Magic:  9/9        EV:  7    Int:  8    God:    Zin [****..]
Gold:   413        SH: 16    Dex:  9    Spells: 9/9 levels left

rFire    + . .     SeeInvis .   a - +1 falchion (flame)
rCold    . . .     Gourm    .   c - +0 shield
rNeg     . . .     Faith    .   k - +0 chain mail
rPois    .         Spirit   .   (helmet restricted)
rElec    .         Reflect  .   (no cloak)
rCorr    .         Harm     .   (no gloves)
MR       +....                  (no boots)
Stlth    ..........             (no amulet)
HPRegen  0.24/turn              D - ring of protection from fire
MPRegen  0.11/turn              l - ring of protection from magic

@: no status effects
A: retaliatory headbutt, horns 2, talons 1, large bone plates 1
a: Recite, Vitalisation, Imprison, Donate Gold, Renounce Religion


You were on level 8 of the Dungeon.
You worshipped Zin.
Zin was greatly pleased with you.
You were not hungry.

You visited 2 branches of the dungeon, and saw 9 of its levels.

You collected 458 gold pieces.
You donated 45 gold pieces to Zin.

Inventory:

Hand Weapons
 a - a +1 falchion of flaming (weapon)
   (You found it on level 7 of the Dungeon)
Armour
 c - a +0 shield (worn)
 k - a +0 chain mail (worn)
   (You found it on level 1 of the Dungeon)
Jewellery
 i - an uncursed amulet of the gourmand {unknown}
   (You found it on level 7 of the Dungeon)
 l - a ring of protection from magic (right hand)
   (You found it on level 5 of the Dungeon)
 n - an uncursed ring of positive energy
   (You found it on level 2 of the Dungeon)
 o - an uncursed ring of protection from cold
   (You found it on level 3 of the Dungeon)
 D - a ring of protection from fire (left hand)
   (You found it on level 1 of the Dungeon)
Wands
 u - a wand of paralysis (28)
   (You found it on level 2 of the Dungeon)
Scrolls
 b - a scroll of noise {unknown}
 f - 4 scrolls of enchant weapon {unknown}
 g - 4 scrolls of amnesia {unknown}
 h - 3 scrolls of blinking {unknown}
 j - 4 scrolls of remove curse {unknown}
 s - 2 scrolls of identify {unknown}
 t - a scroll of fear {unknown}
 v - a scroll of enchant armour {unknown}
 x - 4 scrolls of magic mapping {unknown}
 C - 2 scrolls of vulnerability {unknown}
Potions
 d - 2 potions of might
 m - 3 potions of magic {unknown}
 q - 2 potions of haste {@q3}
 r - 2 potions of curing {@q1}
 w - 2 potions of berserk rage {unknown}
 A - 2 potions of heal wounds {unknown}
 B - 3 potions of flight {unknown}
Comestibles
 e - 10 rations {!d}
 p - a chunk of flesh


   Skills:
 + Level 7.9 Fighting
 * Level 10.2 Long Blades
 + Level 7.9 Armour
 * Level 10.5 Shields


You had 9 spell levels left.
You didn't know any spells.
Your spell library contained the following spells:

 Spells                   Type           Power        Failure   Level  Hunger
 Animate Skeleton         Necr           N/A          99%         1    ##.....
 Pain                     Necr           #...         99%         1    ##.....
 Summon Small Mammal      Summ           #...         99%         1    ##.....
 Call Imp                 Summ           #.......     100%        2    ###....
 Call Canine Familiar     Summ           #.......     100%        3    ####...
 Regeneration             Chrm/Necr      #.........   100%        3    ####...
 Summon Guardian Golem    Hex/Summ       #.......     100%        3    ####...
 Vampiric Draining        Necr           #.........   100%        3    ####...
 Animate Dead             Necr           N/A          100%        4    #####..
 Summon Ice Beast         Ice/Summ       #.......     100%        4    #####..
 Summon Lightning Spire   Summ/Air       #.......     100%        4    #####..


Dungeon Overview and Level Annotations

Branches:
Dungeon (8/15)             Temple (1/1) D:4
   Lair: D:8-11

Altars:
Ashenzari
Cheibriados
Dithmenos
Elyvilon
Fedhas
Gozag
Hepliaklqana
Kikubaaqudgha
Makhleb
Nemelex Xobeh
Okawaru
Qazlal
Ru
Sif Muna
Trog
Uskayaw
Vehumet
Wu Jian
Xom
Yredelemnul
Zin
The Shining One

Annotations:
D:5 exclusion: oklob plant


Innate Abilities, Weirdness & Mutations

You reflexively headbutt those who attack you in melee.
You have a pair of horns on your head.
You have sharp toenails.
You are partially covered in large bone plates. (SH +4)


Message History

Some of the chunks of flesh in your inventory have rotted away. x2
Eating one of 7 chunks of flesh.
You eat one of the 7 chunks of flesh.
Some of the chunks of flesh in your inventory have rotted away.
You see here a hound skeleton.
An electric eel comes into view.
Okay, then.
The electric eel shoots out a bolt of lightning at you!
The bolt of electricity hits you!
You see here a scroll labeled WUSAWN MEPLOIMP.
The electric eel shoots out a bolt of lightning at you!
The bolt of electricity hits you!
Found 18 gold pieces.
An electric eel comes into view.
The electric eel shoots out a bolt of lightning at you!
The bolt of electricity hits you!
The electric eel shoots out a bolt of lightning at you!
The bolt of electricity hits you!
You closely miss the electric eel. Your headbutt misses the electric eel.
The electric eel shoots out a bolt of lightning at you!
The bolt of electricity hits you!
* * * LOW HITPOINT WARNING * * *
Unknown command.
Okay, then.
You hit the electric eel. You burn the electric eel. You claw the electric eel.
You hit the electric eel. You burn the electric eel.
You hit the electric eel but do no damage.
Your kick misses the electric eel. Your headbutt misses the electric eel.
The electric eel shoots out a bolt of lightning at you!
The bolt of electricity hits you!
* * * LOW HITPOINT WARNING * * *
Unknown command.
You hit the electric eel but do no damage.
You headbutt the electric eel!
You kill the electric eel!
You have reached level 10!
The electric eel shoots out a bolt of lightning at you!
The bolt of electricity hits you!
* * * LOW HITPOINT WARNING * * *
Unknown command.
The electric eel shoots out a bolt of lightning at you!
The bolt of electricity hits you!
* * * LOW HITPOINT WARNING * * *
Unknown command.
The electric eel shoots out a bolt of lightning at you!
The bolt of electricity hits you! Zin protects you from harm!
Unknown command.
The electric eel shoots out a bolt of lightning at you!
The bolt of electricity hits you!
You die...

#....≈≈.≈≈≈ ###...≈≈≈≈.≈≈
#....≈≈≈≈≈≈≈.
######.#..≈≈≈≈≈≈..
#.................
######.##......≈≈≈≈≈≈.≈
#.......÷.#?......≈≈≈≈.
###....#.####....≈≈≈≈≈≈≈≈
#...........@.....≈;≈≈≈≈≈
#........######.....≈≈..≈
#.......## #....≈.....
###....## #..........
#...## ..........# ##.##
.....###$... #.####
...... ... #.##.##
.....## #.)...#


You could see an electric eel.

Vanquished Creatures
  A troll (D:8)
  2 hippogriffs (D:7)
  A steam dragon (D:8)
  A water moccasin (D:6)
  Duvessa (D:7)
  3 ice beasts
  3 sky beasts
  3 orc warriors
  A black bear (D:7)
  An ogre (D:4)
  A phantom (D:6)
  A centaur (D:8)
  A wolf (D:8)
  2 bullfrogs
  Dowan (D:7)
  A water moccasin zombie (D:6)
  A scorpion (D:4)
  An electric eel (D:8)
  A howler monkey (D:4)
  7 crimson imps
  12 hounds
  A jelly (D:7)
  5 orc priests
  4 orc wizards
  A bullfrog skeleton (D:7)
  5 worker ants
  A killer bee zombie (D:7)
  2 hound zombies
  2 hound skeletons
  4 gnolls (D:7)
  7 adders
  2 shadow imps
  An ooze (D:1)
  An adder zombie (D:7)
  3 adder skeletons
  A worm (D:2)
  2 dart slugs
  4 leopard geckos
  23 orcs
  8 bats
  4 giant cockroaches
  8 goblins
  9 hobgoblins
  5 jackals
  6 quokkas
  2 ball pythons
  4 frilled lizards
  12 kobolds
  11 rats
184 creatures vanquished.

Notes
Turn   | Place    | Note
-------+----------+-------------------------------------------
     0 | D:1      | MalarOregon the Minotaur Fighter began the quest for the
                  | Orb.
     0 | D:1      | Reached XP level 1. HP: 19/19 MP: 0/0
    61 | D:1      | Reached XP level 2. HP: 24/27 MP: 1/1
   348 | D:1      | Reached XP level 3. HP: 32/33 MP: 2/2
  1305 | D:2      | Reached XP level 4. HP: 40/40 MP: 3/3
  1615 | D:3      | Reached skill level 5 in Shields
  1615 | D:3      | Reached XP level 5. HP: 46/47 MP: 4/4
  1837 | D:3      | Found a deep blue altar of Sif Muna.
  1842 | D:3      | Found a shattered altar of Ashenzari.
  2032 | D:3      | Found a white marble altar of Elyvilon.
  2111 | D:3      | Found a bloodstained altar of Trog.
  2216 | D:4      | Found a staircase to the Ecumenical Temple.
  2231 | Temple   | Entered the Ecumenical Temple
  2453 | Temple   | Became a worshipper of Zin the Law-Giver
  2453 | Temple   | Reached * piety under Zin
  2576 | D:4      | Reached XP level 6. HP: 31/53 MP: 5/5
  2805 | D:4      | Reached skill level 5 in Long Blades
  2847 | D:4      | Reached ** piety under Zin
  3029 | D:4      | Reached skill level 5 in Fighting
  3029 | D:4      | Reached skill level 5 in Armour
  3035 | D:4      | Found a burning altar of Makhleb.
  3039 | D:4      | Found a shadowy altar of Dithmenos.
  3321 | D:5      | Entered Level 5 of the Dungeon
  3363 | D:5      | Found a radiant altar of Vehumet.
  3458 | D:5      | Reached XP level 7. HP: 61/61 MP: 6/6
  3500 | D:5      | Found a basalt altar of Yredelemnul.
  3578 | D:5      | Found a blossoming altar of Fedhas.
  3599 | D:5      | Noticed an oklob plant
  4097 | D:5      | Found an ancient bone altar of Kikubaaqudgha.
  4101 | D:5      | Got a warped dagger
  4117 | D:5      | Reached *** piety under Zin
  4645 | D:6      | Reached XP level 8. HP: 9/70 MP: 7/7
  5093 | D:6      | Found a shimmering altar of Xom.
  5098 | D:6      | Found a shimmering altar of Xom.
  5100 | D:6      | Found a shimmering altar of Xom.
  5738 | D:7      | Reached **** piety under Zin
  5784 | D:7      | Noticed a hippogriff
  5790 | D:7      | Noticed a hippogriff
  5791 | D:7      | Killed a hippogriff
  5805 | D:7      | Killed a hippogriff
  5805 | D:7      | Reached XP level 9. HP: 55/78 MP: 8/8
  5940 | D:7      | Identified the +8 dagger "Hydrabane" {holy, *Contam *Slow
                  | rElec MR+++ Stlth+} (You found it on level 5 of the
                  | Dungeon)
  5987 | D:7      | Gained mutation: You do not regenerate when monsters are
                  | visible. [mutagenic glow]
  6044 | D:7      | Lost mutation: You do not regenerate when monsters are
                  | visible. [potion of mutation]
  6044 | D:7      | Gained mutation: You are partially covered in large bone
                  | plates. (SH +4) [potion of mutation]
  6044 | D:7      | Gained mutation: You have sharp toenails. [potion of
                  | mutation]
  6224 | D:7      | Zin protects you from harm!
  7086 | D:7      | Noticed Dowan
  7087 | D:7      | Noticed Duvessa
  7099 | D:7      | Killed Duvessa
  7104 | D:7      | Killed Dowan
  7179 | D:8      | Reached skill level 10 in Shields
  7436 | D:8      | Found an opulent altar of Gozag.
  7452 | D:8      | Found a snail-covered altar of Cheibriados.
  7530 | D:8      | Noticed a troll
  7551 | D:8      | Killed a troll
  7551 | D:8      | Reached skill level 10 in Long Blades
  7876 | D:8      | Reached XP level 10. HP: 25/88 MP: 9/9
  7879 | D:8      | Zin protects you from harm!
  7881 | D:8      | Killed from afar by an electric eel

Skill      XL: |  1  2  3  4  5  6  7  8  9 |
---------------+----------------------------+-----
Shields        | 4 5 6 7 9 10 | 10.5
Long Blades    | 3 4 5 6 8 10 | 10.2
Fighting       | 4 5 6 7 |  7.9
Armour         | 4 5 6 7 |  7.9

Action                   |  1- 3 |  4- 6 |  7- 9 | 10-12 || total
-------------------------+-------+-------+-------+-------++-------
Melee: Long sword        |   130 |   155 |   245 |       ||   530
       Headbutt          |    17 |    30 |    83 |       ||   130
       Falchion          |       |       |   213 |       ||   213
       Kick              |       |       |    49 |       ||    49
Invok: Recite            |       |       |     1 |       ||     1
  Use: Potion            |       |       |     4 |       ||     4
  Eat: Chunk             |     2 |     6 |     9 |       ||    17
       Ration            |       |       |     2 |       ||     2
Armor: Scale mail        |    51 |       |       |       ||    51
       Chain mail        |    26 |    51 |   145 |       ||   222
Dodge: Dodged            |    40 |    24 |    81 |       ||   145
Block: Shield            |    76 |    69 |   256 |       ||   401
       Rpst.: Long sword |     8 |     4 |    19 |       ||    31
       Falchion          |       |       |     5 |       ||     5
